 Dungeon Crawl Stone Soup version 0.26-a0-466-g989023bd0d (webtiles) character file.

Game seed: 4745539810322044457

12314 HoaS the Brawler (level 11, -11/57 HPs)
             Began as a Gargoyle Gladiator on Aug 2, 2020.
             Was an Elder of Makhleb.
             Mangled by a death yak (12 damage)
             ... on level 9 of the Dungeon.
             The game lasted 00:23:33 (11127 turns).

HoaS the Brawler (Gargoyle Gladiator)              Turns: 11127, Time: 00:23:34

Health: -11/57     AC: 23    Str: 26    XL:     11   Next: 91%
Magic:  11/11      EV:  7    Int: 10    God:    Makhleb [****..]
Gold:   570        SH:  0    Dex: 11    Spells: 10/10 levels left

rFire    . . .     SeeInvis +     - Unarmed
rCold    . . .     Faith    .   (no shield)
rNeg     + . .     Spirit   .   A - +0 plate armour
rPois    ∞         Reflect  .   n - +2 hat {MR+}
rElec    +         Harm     .   f - +0 cloak
rCorr    .                      t - +0 pair of gloves
MR       +....                  v - +0 pair of boots
Stlth    ..........             y - amulet of the acrobat
HPRegen  0.19/turn              e - ring of see invisible
MPRegen  0.12/turn              D - +6 ring of strength

@: no status effects
A: negative energy resistance 1, electricity resistance, unbreathing,
petrification resistance, rot immunity, AC +8
a: Minor Destruction, Lesser Servant of Makhleb, Major Destruction, Renounce
Religion


You were on level 9 of the Dungeon.
You worshipped Makhleb.
Makhleb was greatly pleased with you.
You visited 2 branches of the dungeon, and saw 11 of its levels.

You collected 570 gold pieces.

Inventory:

Missiles
 c - 2 throwing nets (quivered)
 o - 28 poisoned darts
 C - 13 boomerangs
Armour
 f - a +0 cloak (worn)
 n - a +2 hat of magic resistance (worn)
 t - a +0 pair of gloves (worn)
 v - a +0 pair of boots (worn)
 A - a +0 plate armour (worn)
Jewellery
 e - a ring of see invisible (left hand)
 y - an amulet of the acrobat (around neck)
 D - a +6 ring of strength (right hand)
Wands
 i - a wand of digging (2)
 p - a wand of flame (12)
 w - a wand of iceblast (2)
 x - a wand of polymorph (6)
 B - a wand of random effects (15)
Scrolls
 d - 9 scrolls of teleportation
 j - 5 scrolls of remove curse
 m - a scroll of blinking
 r - a scroll of identify
 E - 2 scrolls of enchant armour
Potions
 a - 2 potions of flight
 g - a potion of stabbing {unknown}
 h - 3 potions of berserk rage {unknown}
 k - 2 potions of lignification {unknown}
 l - 2 potions of heal wounds
 q - 6 potions of curing
 s - a potion of haste
 u - a potion of cancellation {unknown}


   Skills:
 - Level 2.1 Fighting
 - Level 1.7 Throwing
 - Level 2.4 Dodging
 + Level 17.5 Unarmed Combat


You had 10 spell levels left.
You didn't know any spells.
Your spell library contained the following spells:

 Spells                   Type           Power        Failure   Level
 Beastly Appendage        Tmut           #.....       100%        1
 Magic Dart               Conj           #...         100%        1
 Sandblast                Erth           #.....       100%        1
 Blink                    Tloc           N/A          100%        2
 Call Imp                 Summ           #.......     100%        2
 Passwall                 Tmut/Erth      #.......     100%        2
 Slow                     Hex            #.......     100%        2
 Wereblood                Tmut           #.......     100%        2
 Conjure Flame            Conj/Fire      #.......     100%        3
 Mephitic Cloud           Conj/Pois/Air  #.......     100%        3
 Spider Form              Tmut/Pois      #.........   100%        3
 Stone Arrow              Conj/Erth      #.....       100%        3
 Ice Form                 Ice/Tmut       #.......     100%        4
 Petrify                  Tmut/Erth      #.......     100%        4
 Blade Hands              Tmut           #.........   100%        5
 Lee's Rapid Deconstruct  Erth           #.........   100%        5


Dungeon Overview and Level Annotations

Branches:
Dungeon (10/15)            Temple (1/1) D:5             Orc (0/2) D:9
   Lair: D:8-11

Altars:
Ashenzari
Cheibriados
Dithmenos
Elyvilon
Fedhas
Gozag
Hepliaklqana
Kikubaaqudgha
Makhleb
Nemelex Xobeh
Okawaru
Qazlal
Ru
Sif Muna
Trog
Uskayaw
Vehumet
Wu Jian
Xom
Yredelemnul
Zin
The Shining One

Shops:
D:8 (   D:9 =


Innate Abilities, Weirdness & Mutations

You are resistant to torment.
Your stone body is resilient. (AC +8)
You are immune to poison.
You resist negative energy. (rN+)
You are resistant to electric shocks. (rElec)
You can survive without breathing.
You are immune to petrification.
You are immune to rotting.


Message History

The death yak is lightly wounded.
You punch the death yak!
The death yak is moderately wounded.
The death yak gores you but does no damage.
You barely miss the death yak. Your punch misses the death yak.
The death yak is moderately wounded.
The death yak gores you!
You hit the death yak.
The death yak is moderately wounded.
The death yak gores you!
You pummel the death yak!! You punch the death yak.
The death yak is heavily wounded.
You punch the death yak!
The death yak is heavily wounded.
The death yak gores you!!
* * * LOW HITPOINT WARNING * * *
You punch the death yak!
The death yak is severely wounded.
The death yak gores you!
You die...

####.....##.###...
####............##
#.(.....###.#####
######.#.......#
#####......##.#
#.....#.#####.#
#.#####.# #.#
##.#####.#####.#
#@.......[.....#
#.Y#####.####..###
#..#####<.........
#........###.<###.
#.######.###...#..
#.##...........#..
#.................
#......#.##.##.#..
####....#.#.##....##.


You could see a death yak.

Vanquished Creatures
  Gastronok (D:9)
  Harold (D:7)
  A two-headed ogre (D:8)
  2 death yaks (D:9)
  Pikel (D:7)
  Maurice (D:8)
  Joseph (D:7)
  A komodo dragon (D:8)
  3 slime creatures (D:8)
  2 hornets
  2 hippogriffs
  A wyvern (D:9)
  Sigmund (D:3)
  4 yaks (D:8)
  Menkaure (D:7)
  A warg (D:9)
  A water moccasin (D:6)
  Duvessa (D:5)
  4 orc warriors
  2 ice beasts
  A sky beast (D:8)
  3 phantoms
  7 ogres
  Blork the orc (D:5)
  2 bullfrogs
  Dowan (D:5)
  A wyvern skeleton (D:8)
  2 scorpions
  3 howler monkeys (D:7)
  8 wights (D:6)
  2 bullfrog zombies
  4 hounds
  4 quasits
  4 jellies
  6 orc priests
  7 orc wizards
  Crazy Yiuf (D:2)
  Jessica (D:2)
  A centaur skeleton (D:4)
  Ijyb (D:3)
  Natasha (thrice) (D:2)
  3 iguanas
  5 worker ants
  A killer bee zombie (D:8)
  A hound zombie (D:4)
  3 worker ant zombies
  14 adders
  14 gnolls
  2 howler monkey skeletons (D:5)
  2 shadow imps
  A white imp (D:5)
  An ufetubus (D:5)
  5 adder zombies
  4 adder skeletons
  5 worms
  A dart slug (D:4)
  6 leopard geckos
  43 orcs
  3 giant cockroaches
  5 goblins
  8 hobgoblins
  12 jackals
  7 quokkas
  12 bats
  3 frilled lizards
  A giant cockroach zombie (D:4)
  A jackal zombie (D:4)
  4 kobolds
  2 leopard gecko zombies
  2 quokka skeletons
  A quokka zombie (D:4)
  8 rats
  A bush (D:1)
276 creatures vanquished.

Notes
Turn   | Place    | Note
-------+----------+-------------------------------------------
     0 | D:1      | HoaS the Gargoyle Gladiator began the quest for the Orb.
     0 | D:1      | Reached XP level 1. HP: 12/12 MP: 1/1
   194 | D:1      | Reached XP level 2. HP: 2/17 MP: 2/2
   728 | D:1      | Reached skill level 4 in Unarmed Combat
   899 | D:1      | Reached XP level 3. HP: 21/21 MP: 3/3
  1420 | D:2      | Noticed Jessica
  1451 | D:2      | Killed Jessica
  1451 | D:2      | Reached XP level 4. HP: 20/26 MP: 4/4
  1508 | D:1      | Reached skill level 5 in Unarmed Combat
  1936 | D:2      | Reached XP level 5. HP: 25/30 MP: 5/5
  2056 | D:2      | Noticed Natasha
  2064 | D:2      | Killed Natasha
  2064 | D:2      | Reached skill level 6 in Unarmed Combat
  2135 | D:2      | Noticed Natasha
  2144 | D:2      | Killed Natasha
  2411 | D:2      | Found a runed translucent door.
  2412 | D:2      | Noticed Crazy Yiuf
  2521 | D:2      | Noticed Natasha
  2527 | D:2      | Killed Natasha
  2527 | D:2      | Reached XP level 6. HP: 28/35 MP: 6/6
  2591 | D:2      | Killed Crazy Yiuf
  2880 | D:3      | Noticed Ijyb
  2933 | D:3      | Killed Ijyb
  2940 | D:3      | Reached skill level 7 in Unarmed Combat
  2970 | D:3      | Noticed Sigmund
  2985 | D:3      | Killed Sigmund
  2985 | D:3      | Reached XP level 7. HP: 32/40 MP: 7/7
  3005 | D:3      | You fall into a shaft and drop 3 floors!
  3069 | D:5      | Entered Level 5 of the Dungeon
  3114 | D:4      | Reached skill level 8 in Unarmed Combat
  4248 | D:4      | Reached skill level 9 in Unarmed Combat
  4307 | D:4      | Reached XP level 8. HP: 33/44 MP: 8/8
  4702 | D:5      | Reached skill level 10 in Unarmed Combat
  4749 | D:5      | Noticed Blork the orc
  4754 | D:5      | Killed Blork the orc
  4755 | D:5      | Noticed Duvessa
  4756 | D:5      | Noticed Dowan
  4791 | D:5      | Killed Duvessa
  5019 | D:5      | Killed Dowan
  5045 | D:5      | Found a sparkling altar of Nemelex Xobeh.
  5091 | D:5      | Reached skill level 11 in Unarmed Combat
  5258 | D:5      | Reached XP level 9. HP: 45/48 MP: 9/9
  5300 | D:5      | Found a staircase to the Ecumenical Temple.
  5309 | Temple   | Entered the Ecumenical Temple
  5316 | Temple   | Became a worshipper of Makhleb the Destroyer
  5511 | D:6      | Found a shadowy altar of Dithmenos.
  5704 | D:6      | Reached skill level 12 in Unarmed Combat
  6356 | D:6      | Reached * piety under Makhleb
  6758 | D:7      | Noticed Menkaure
  6766 | D:7      | Killed Menkaure
  6983 | D:7      | Reached skill level 13 in Unarmed Combat
  7036 | D:7      | Noticed Pikel
  7046 | D:7      | Killed Pikel
  7160 | D:7      | Reached XP level 10. HP: 53/53 MP: 10/10
  7201 | D:7      | Noticed Harold
  7396 | D:7      | Killed Harold
  7396 | D:7      | Reached skill level 14 in Unarmed Combat
  7549 | D:7      | Reached ** piety under Makhleb
  7571 | D:7      | Noticed Joseph
  7589 | D:7      | Killed Joseph
  8002 | D:8      | Noticed a two-headed ogre
  8049 | D:8      | Killed a two-headed ogre
  8049 | D:8      | Reached skill level 15 in Unarmed Combat
  8758 | D:8      | Found a sacrificial altar of Ru.
  9241 | D:8      | Found Bympoxoh's Weapon Shoppe.
  9367 | D:8      | Reached XP level 11. HP: 57/57 MP: 11/11
  9431 | D:8      | Reached skill level 16 in Unarmed Combat
  9641 | D:9      | Reached *** piety under Makhleb
  9730 | D:9      | Found a staircase to the Orcish Mines.
  9936 | D:9      | Found Liuprine's Jewellery Boutique.
 10224 | D:9      | Noticed Maurice
 10224 | D:9      | Noticed Gastronok
 10336 | D:8      | Killed Maurice
 10387 | D:9      | Killed Gastronok
 10387 | D:9      | Reached skill level 17 in Unarmed Combat
 10518 | D:9      | Found a blossoming altar of Fedhas.
 10518 | D:9      | Found a hazy altar of Hepliaklqana.
 10640 | D:10     | Entered Level 10 of the Dungeon
 10778 | D:10     | Reached **** piety under Makhleb
 10808 | D:10     | Noticed a death yak
 10808 | D:10     | Noticed a death yak
 10832 | D:9      | Killed a death yak
 11038 | D:9      | Killed a death yak
 11111 | D:10     | Noticed a death yak
 11126 | D:9      | HP: 1/57 [death yak (19)]
 11127 | D:9      | Mangled by a death yak

Illustrated notes

Levels and vault maps discovered:
D:1:      lightli_arrival_noodles, layout_basic, minmay_hedge_maze
D:2:      layout_loops_ring, uniq_natasha, uniq_crazy_yiuf_cottage, uniq_jessica
D:3:      layout_loops_ring, uniq_sigmund, uniq_ijyb
D:4:      layout_basic, serial_undead, serial_undead_a, serial_undead_a,
          serial_undead_b, serial_undead_d, wad_orctagon
D:5:      layout_cave_pools, minmay_temple_entry_antechambers,
          nemelex_xobeh_ov_fountains_minmay, uniq_duvessa, uniq_blork_the_orc
D:6:      lemuel_ice_spiral_2, layout_basic, nicolae_dithmenos_shadow_blocks,
          minivault_5
D:7:      layout_layer_cave, uniq_pikel, uniq_harold, uniq_menkaure, uniq_joseph
D:8:      layout_basic, nicolae_overflow_crystal_walls, serial_shops,
          nicolae_shop_statue_plus
D:9:      layout_basic, amethyst_overflow_temple_binary, erik_orc_4,
          serial_shops, nicolae_shop_window_shopping, uniq_gastronok,
          uniq_maurice
D:10:     layout_layer_cave, dpeg_lair_monsters, bloody_makhleb
Temple:   nicolae_temple_no_exploring_needed

Skill      XL: |  1  2  3  4  5  6  7  8  9 10 11 |
---------------+----------------------------------+-----
Unarmed Combat | 4 5 6 7 9 11 13 15 17 | 17.5
Fighting       | |  2.1
Throwing       | |  1.7
Dodging        | |  2.4

Action                   |  1- 3 |  4- 6 |  7- 9 | 10-12 || total
-------------------------+-------+-------+-------+-------++-------
Melee: Unarmed           |   244 |   156 |   453 |   392 ||  1245
       Punch             |     5 |     9 |    16 |    33 ||    63
Throw: Throwing net      |     2 |     8 |     2 |     3 ||    15
       Dart              |       |     1 |     9 |       ||    10
Evoke: Wand              |       |       |     5 |     4 ||     9
  Use: Scroll            |     3 |     2 |     5 |     6 ||    16
       Potion            |       |       |       |     2 ||     2
 Stab: Held in net/web   |       |     2 |     1 |     2 ||     5
Armor: Leather armour    |    36 |    62 |     6 |       ||   104
       Scale mail        |       |       |   134 |       ||   134
       Chain mail        |       |       |    75 |    69 ||   144
       Plate armour      |       |       |       |   117 ||   117
Dodge: Dodged            |    80 |    95 |   202 |   126 ||   503

Table legend: (Time is in decaauts)
 A = Elapsed time spent in this place.
 B = Non-inter-level travel time spent in this place.
 C = Inter-level travel time spent in this place.
 D = Time resting spent in this place.
 E = Time spent auto-exploring this place.
 F = Levels seen in this place.
 G = Mean time per level.
                   A        B        C        D        E       F      G
               +--------+--------+--------+--------+--------+-----+--------+
         Total |  10898 |  10487 |    411 |   2745 |   5387 |  11 |  990.7 |
       Dungeon |  10883 |  10472 |    411 |   2745 |   5387 |  10 | 1088.3 |
        Temple |     14 |     14 |      0 |      0 |      0 |   1 |   14.0 |
               +--------+--------+--------+--------+--------+-----+--------+

Top non-repeatable levels by time:
     D:8: 1667 daAuts
     D:1: 1647 daAuts
     D:6: 1386 daAuts
     D:2: 1213 daAuts
     D:9: 1208 daAuts
     D:7: 1154 daAuts
     D:4: 1012 daAuts
     D:3: 803 daAuts
     D:5: 601 daAuts
    D:10: 189 daAuts
  Temple: 14 daAuts
